 Dungeon Crawl Stone Soup version 0.27-a0-1219-g958d993ae5 (webtiles) character file.

Game seed: 2613776947700289562

409 mandarbmax the Conjurer (level 6, -2/45 HPs)
             Began as a Draconian Conjurer on June 6, 2021.
             Slain by an ogre
             ... wielding a +0 giant club
              (25 damage)
             ... on level 4 of the Dungeon.
             The game lasted 00:13:15 (4553 turns).

mandarbmax the Conjurer (Draconian Conjurer)        Turns: 4553, Time: 00:13:16

Health: -2/45      AC:  6    Str:  9    XL:     6   Next: 58%
Magic:  4/9        EV: 12    Int: 21    God:
Gold:   78         SH:  0    Dex:  9    Spells: 3/10 levels left

rFire    . . .     SeeInvis .   k - +0 short sword (vamp)
rCold    . . .     Faith    .   (no shield)
rNeg     . . .     Spirit   .   (armour unavailable)
rPois    .         Reflect  .   (helmet restricted)
rElec    .         Harm     .   (no cloak)
rCorr    .         Rampage  .   (no gloves)
Will     .....                  (no boots)
Stlth    ++........             (no amulet)
HPRegen  0.15/turn              (no ring)
MPRegen  0.11/turn              (no ring)

@: very slightly contaminated
A: AC +6, unfitting armour, cold-blooded
a: no special abilities


You were on level 4 of the Dungeon.
You visited 1 branch of the dungeon, and saw 4 of its levels.
You also visited: Sewer.

You collected 78 gold pieces.

Inventory:

Hand Weapons
 c - a +0 dagger
 k - a +0 vampiric short sword (weapon)
Magical Staves
 i - a staff of air
Wands
 m - a wand of charming (5)
Scrolls
 b - a scroll of enchant weapon {unknown}
 d - a scroll of noise {unknown}
 e - a scroll of teleportation
 f - a scroll of amnesia {unknown}
Potions
 a - 2 potions of curing {unknown}
 g - a potion of attraction
 h - 2 potions of invisibility {unknown}
 j - 3 potions of flight {unknown}
 l - a potion of heal wounds


   Skills:
 - Level 2.0 Dodging
 - Level 1.7 Stealth
 + Level 2.5 Spellcasting
 * Level 7.4 Conjurations
 + Level 1.5 Translocations


You had 3 spell levels left.
You knew the following spells:

 Your Spells              Type           Power      Damage    Failure   Level
a - Magic Dart            Conj           100%       1d8       1%          1
b - Searing Ray           Conj           68%        3d5       1%          2
c - Iskenderun's Mystic   Conj/Tloc      21%        2d6       22%         4

Your spell library contained the following spells:

 Spells                   Type           Power      Damage    Failure   Level
 Shock                    Conj/Air       72%        1d7       3%          1
 Static Discharge         Conj/Air       18%        N/A       4%          2
 Dazzling Flash           Conj/Hex       36%        N/A       9%          3
 Summon Small Mammal      Summ           8%         N/A       14%         1
 Call Imp                 Summ           2%         N/A       22%         2
 Call Canine Familiar     Summ           2%         N/A       38%         3
 Summon Guardian Golem    Hex/Summ       2%         N/A       38%         3
 Swiftness                Air            2%         N/A       38%         3
 Fulminant Prism          Conj/Hex       9%         3d7       30%         4
 Lightning Bolt           Conj/Air       9%         1d21      63%         5
 Airstrike                Air            1%         N/A       80%         4
 Summon Ice Beast         Ice/Summ       2%         N/A       80%         4
 Summon Lightning Spire   Summ/Air       2%         N/A       80%         4


Dungeon Overview and Level Annotations

Branches:
Dungeon (4/15)              Sewer (visited)
 Temple: D:4-7

Altars:
Kikubaaqudgha
Ru


Innate Abilities, Weirdness & Mutations

Your plain brown scales are hard. (AC +6)
You cannot fit into any form of body armour.
You are cold-blooded and may be slowed by cold attacks.


Message History

There is an escape hatch in the ceiling here.
There is a stone staircase leading down here.
Found 10 arrows.
Found a spear.
A hobgoblin comes into view.
The hobgoblin shouts!
The magic dart hits the hobgoblin.
The hobgoblin is severely wounded.
The magic dart hits the hobgoblin.
You kill the hobgoblin!
You see here a hobgoblin corpse.
An ogre comes into view. It is wielding a +0 giant club.
The ogre shouts!
Found 16 gold pieces.
Casting: Magic Dart (safe; 1% risk of failure)
Confirm with . or Enter, or press ? or * to list all spells.
Okay, then.
Casting: Magic Dart (safe; 1% risk of failure)
Confirm with . or Enter, or press ? or * to list all spells.
Aiming: Searing Ray (safe; 1% risk of failure)
Press: ? - help, Shift-Dir - straight line, f - ogre
Aim: an ogre, wielding a +0 giant club (91% to hit)
You miscast Searing Ray.
You are very lightly contaminated with residual magic.
Nothing appears to happen.
The ogre hits you with a +0 giant club!!
Ouch! That really hurt!
Casting: Searing Ray (safe; 1% risk of failure)
Confirm with . or Enter, or press ? or * to list all spells.
Aiming: Searing Ray (safe; 1% risk of failure)
Press: ? - help, Shift-Dir - straight line, f/p - ogre
Aim: an ogre, wielding a +0 giant club (91% to hit)
The searing ray hits the ogre!
The ogre is heavily wounded. (Press . to maintain the ray.)
The searing ray hits the ogre!
The ogre is almost dead.
The ogre hits you with a +0 giant club!!
Ouch! That really hurt!
You die...

... ... .. .. #+# .#
# #.# $##.##.
####.########.......
.....##...@O...#
#...#†######.#
#.....#### #
#........#
#..##.##.....
#.#####..##.# ###.
#........##.#
########.##.. #.####


You could see an ogre.

Vanquished Creatures
  An ogre (D:4)
  A kobold brigand (Sewer)
  Ijyb (D:3)
  2 orc wizards (D:3)
  5 adders
  A gnoll (D:1)
  A river rat (Sewer)
  An adder skeleton (D:2)
  2 worms
  3 dart slugs
  3 orcs (D:3)
  5 bats
  A bat zombie (D:2)
  6 endoplasms
  2 giant cockroaches
  5 goblins
  7 hobgoblins
  15 jackals
  9 quokkas
  6 ball pythons
  A ball python skeleton (D:2)
  2 frilled lizards
  A jackal skeleton (D:2)
  A jackal zombie (D:2)
  7 kobolds
  11 rats
100 creatures vanquished.

Vanquished Creatures (others)
  A withered plant (D:2)
1 creature vanquished.

Grand Total: 101 creatures vanquished

Notes
Turn   | Place    | Note
-------+----------+-------------------------------------------
     0 | D:1      | mandarbmax the Draconian Conjurer began the quest for the
                  | Orb.
     0 | D:1      | Reached XP level 1. HP: 14/14 MP: 3/3
   385 | D:1      | Reached XP level 2. HP: 20/20 MP: 1/5
   437 | D:1      | Learned a level 2 spell: Searing Ray
   493 | D:1      | Found a faded altar of an unknown god.
   756 | D:1      | Reached XP level 3. HP: 26/26 MP: 1/6
   872 | D:1      | Reached skill level 5 in Conjurations
  1953 | D:2      | Reached XP level 4. HP: 33/33 MP: 4/7
  2622 | D:3      | Reached skill level 6 in Conjurations
  2886 | D:3      | Found a glowing drain.
  2905 | Sewer    | Entered a sewer
  3065 | Sewer    | Reached XP level 5. HP: 38/38 MP: 5/8
  3355 | Sewer    | Learned a level 4 spell: Iskenderun's Mystic Blast
  3389 | Sewer    | Found a white marble altar of Elyvilon.
  3671 | D:3      | Noticed Ijyb
  3698 | D:3      | Killed Ijyb
  3699 | D:3      | Reached skill level 7 in Conjurations
  3800 | D:3      | Reached XP level 6. HP: 29/45 MP: 0/9
  3928 | D:3      | Reached skill level 1 in Translocations
  4126 | D:3      | Found a sacrificial altar of Ru.
  4128 | D:3      | Found an ancient bone altar of Kikubaaqudgha.
  4553 | D:4      | Slain by an ogre

Illustrated notes

Levels and vault maps discovered:
D:1:      minmay_arrival_diagonal_passages, layout_basic,
          hellmonk_ecumenical_altar_prayer_group, kennysheep_another_room,
          roderic_serpentine_path, hangedman_abyss_or_decor_stabs
D:2:      layout_loops_ring, serial_undead, serial_undead_e, serial_undead_f,
          serial_undead_b, serial_undead_f
D:3:      layout_basic, nicolae_overflow_hidden_temple, gup_sewer_entry_spiral,
          minmay_misc_feat_x, uniq_ijyb
D:4:      layout_loops_corners, kennysheep_boxes

Skill      XL: |  1  2  3  4  5  6 |
---------------+-------------------+-----
Dodging        | 2 |  2.0
Conjurations   | 5 6 7 |  7.4
Translocations | 1 |  1.5
Stealth        | |  1.7
Spellcasting   | |  2.5

Action                   |  1- 3 |  4- 6 || total
-------------------------+-------+-------++-------
Melee: Unarmed           |     2 |       ||     2
       Dagger            |     9 |    53 ||    62
       Short sword       |       |    13 ||    13
       Tailslap          |       |     1 ||     1
 Cast: Magic Dart        |    73 |    62 ||   135
       Searing Ray       |     9 |    21 ||    30
       Iskenderun's Myst |       |     1 ||     1
  Use: Scroll            |       |     3 ||     3
Armor: Skin              |    11 |    30 ||    41
Dodge: Dodged            |    18 |    62 ||    80

Table legend: (Time is in decaauts)
 A = Elapsed time spent in this place.
 B = Non-inter-level travel time spent in this place.
 C = Inter-level travel time spent in this place.
 D = Time resting spent in this place.
 E = Time spent auto-exploring this place.
 F = Levels seen in this place.
 G = Mean time per level.
                   A        B        C        D        E       F      G
               +--------+--------+--------+--------+--------+-----+--------+
         Total |   4641 |   4571 |     70 |   1071 |   2612 |   5 |  928.2 |
       Dungeon |   4068 |   3998 |     70 |    787 |   2438 |   4 | 1017.0 |
         Sewer |    572 |    572 |      0 |    283 |    173 |   1 |  572.0 |
               +--------+--------+--------+--------+--------+-----+--------+

Top non-repeatable levels by time:
     D:1: 1345 daAuts
     D:2: 1251 daAuts
     D:3: 1148 daAuts
   Sewer: 572 daAuts
     D:4: 322 daAuts
